 Dungeon Crawl Stone Soup version 0.31-a0-360-gb3e1d13bf4 (webtiles) character file.

Game seed: 7359566877187705293

28 spiderkeys the Ruffian (level 3, -3/23 HPs)
             Began as an Octopode Shapeshifter on July 26, 2023.
             Slain by a hobgoblin (5 damage)
             ... on level 2 of the Dungeon on July 27, 2023.
             The game lasted 00:01:52 (281 turns).

spiderkeys the Ruffian (Octopode Shapeshifter)       Turns: 281, Time: 00:01:52

Health: -3/23      AC:  1    Str: 16    XL:     3   Next: 12%
Magic:  3/3        EV: 13    Int: 10    God:
Gold:   13         SH:  0    Dex: 12    Spells: 2/2 levels left

rFire   . .          .
                       - Unarmed
rCold   . . .        (no shield)
rNeg    . . .        (helmet currently unavailable)
rPois   .            (no amulet)
rElec   .            (no ring)
rCorr   .            (no ring)
SInv    .            (no ring)
Will    .....        (no ring)
Stlth   ++           (no ring)
HPRegen 0.23/turn    (no ring)
MPRegen 0.08/turn    (no ring)
                     (no ring)

%: no passive effects
@: beast-form
A: beast (slay +2), almost no armour, amphibious, 8 rings, camouflage 1,
gelatinous body 1, (nimble swimmer 1), tentacles
a: Begin Untransformation


You were on level 2 of the Dungeon.
You were a hulking beast.
You visited 1 branch of the dungeon, and saw 2 of its levels.

You collected 13 gold pieces.


Innate Abilities, Weirdness & Mutations

You are a hulking beast.
Your limbs bulge with bestial killing power. (Slay +2)
You cannot wear most types of armour.
You are amphibious.
You can wear up to eight rings at the same time.
Your skin changes colour to match your surroundings (Stealth+).
Your rubbery body absorbs attacks. (AC +1, EV +1)
((You are camouflaged when in or above water. (Stealth+)))
You have tentacles for arms and can constrict up to eight enemies at once.


   Skills:
 + Level 1.5 Fighting
 + Level 2.3 Dodging
 + Level 3.3 Unarmed Combat
 + Level 3.2 Shapeshifting


You had 2 spell levels left.
You didn't know any spells.
Your spell library was empty.

Inventory:

Missiles
 c - 5 stones
Talismans
 b - a beast talisman
Scrolls
 d - a scroll of identify {unknown}
Potions
 a - a potion of lignification {!q}

Dungeon Overview and Level Annotations

Branches:
Dungeon (1/15) Zot: 11720

Altars:

....### ###......#####
....### #.............#
.#....###.###.######..#
..........##.## ## #
..#####...#.###..# .##
##..#.#..$### ##
###...##.####.##
#...#.#.#.(8)..#
#.###.###8..h..#
#####.###.##...(g.....#
........#.##..###..#..#
..<.....#.#..#. #.# .#
........#...# # ##
..........##
########.... ####


You could see a hobgoblin.


Message History

😮 HP[-1]
You take 1 damage, and now have 12/18 hp.
You tentacle-slap the giant cockroach but do no damage.
You constrict the giant cockroach.
You kill the giant cockroach!
Key pressed, stopping explore.
Found a stone staircase leading up. 😎 HP[+6]
Your hp is fully restored (18).
Key pressed, stopping explore.
You now have 13 gold pieces (gained 10).
You see here a +0 short sword.
A goblin comes into view. It is wielding a +0 dagger.
The goblin shouts!
The goblin moves out of view.
A goblin is nearby!
A goblin is nearby!
A goblin is nearby!
The goblin closely misses you.
You tentacle-slap the goblin. Your grab misses the goblin.
Your squeeze misses the goblin.
The goblin hits you with a +0 dagger. 😕 HP[-3]
You take 3 damage, and now have 15/18 hp.
You barely miss the goblin. Your grab misses the goblin.
The goblin closely misses you.
You tentacle-slap the goblin.
You kill the goblin!
d - a scroll labelled DAYGAH ISTYRR 😎 HP[+3]
Your hp is fully restored (18).
A goblin, a hobgoblin and an orc come into view.
There are monsters nearby!
There are monsters nearby!
There are monsters nearby!
A hobgoblin comes into view.
An orc comes into view. It is wielding a +0 hand axe.
The goblin shouts!
The orc shouts! x2; The hobgoblin shouts! x2
You see here 8 stones.
The orc hits you with a +0 dagger. The goblin misses you. 😕 HP[-3]
You take 3 damage, and now have 15/18 hp.
You tentacle-slap the orc. Your grab misses the orc. The goblin misses you.
The orc hits you with a +0 dagger. 😕 HP[-1]
You take 1 damage, and now have 14/18 hp.
You barely miss the orc. You grab the orc. You squeeze the orc.
You kill the orc!
The hobgoblin completely misses you.
The goblin hits you with a +0 club. 😮 HP[-3]
You take 3 damage, and now have 11/18 hp.
You are too injured to fight recklessly!
You are too injured to fight recklessly!
You are too injured to fight recklessly!
You are too injured to fight recklessly!
You are too injured to fight recklessly!
You are too injured to fight recklessly!
Unknown command.
You tentacle-slap the hobgoblin. Your grab misses the hobgoblin.
Your squeeze misses the hobgoblin. The hobgoblin barely misses you.
The goblin hits you with a +0 club.
* * * LOW HITPOINT WARNING * * *
The hobgoblin closely misses you. 😨 HP[-4]
You take 4 damage, and now have 7/18 hp.
MASSIVE DAMAGE!! (PAUSE)
You tentacle-slap the hobgoblin but do no damage.
You grab the hobgoblin. You squeeze the hobgoblin.
You kill the hobgoblin!
You have reached level 3!
Your experience leads to an increase in your attributes!
Increase (S)trength, (I)ntelligence, or (D)exterity?
You feel stronger. x2 😨 HP[+2] MP[+1]
You now have 23 max hp (+5).
You regained 2 hp, and now have 9/23 hp.
Your mp is fully restored (3).
You tentacle-slap the goblin.
You kill the goblin!
The hobgoblin hits you.
* * * LOW HITPOINT WARNING * * *
😱 HP[-5]
You take 5 damage, and now have 4/23 hp.
MASSIVE DAMAGE!! (PAUSE)
You tentacle-slap the orc but do no damage.
You grab the orc. You squeeze the orc.
You kill the orc!
The hobgoblin barely misses you. 😱 HP[+1]
The hobgoblin hits you.
* * * LOW HITPOINT WARNING * * *
Items here: )) ††. 😱 HP[-3]
You take 3 damage, and now have 2/23 hp.
You tentacle-slap the hobgoblin. Your grab misses the hobgoblin.
The hobgoblin barely misses you.
You tentacle-slap the hobgoblin but do no damage.
You grab the hobgoblin.
You constrict the hobgoblin, but do no damage.
The hobgoblin hits you.
You die...

Action                     || total
---------------------------++-------
  Melee: Unarmed           ||    40
         Tentacles         ||    10
         Constrict         ||    10
         Punch             ||     1
 Armour: Skin              ||     5
  Dodge: Dodged            ||    28

Levels and vault maps discovered:
D:1:      beargit_arrival_greenhouse, layout_loops_corners, serial_glass,
          glass_columns_b, glass_columns_c
D:2:      layout_rooms, guppyfry_early_orc_mine

Notes
Turn   | Place    | Note
-------+----------+-------------------------------------------
     0 | D:1      | spiderkeys the Octopode Shapeshifter began the quest for
                  | the Orb.
     0 | D:1      | Reached XP level 1. HP: 13/13 MP: 1/1
     0 | D:1      | magus.rc [v1.11.3]
    29 | D:1      | You fall into a shaft and drop 1 floor!
    58 | D:2      | magus.rc [v1.11.3]
    86 | D:2      | Reached XP level 2. HP: 12/18 MP: 2/2
   277 | D:2      | Reached XP level 3. HP: 9/23 MP: 3/3
   277 | D:2      | HP: 4/23 [hobgoblin (5)]
   281 | D:2      | Slain by a hobgoblin

Vanquished Creatures
  A dart slug (D:2)
  2 orcs (D:2)
  2 endoplasms
  A giant cockroach (D:2)
  2 hobgoblins (D:2)
  6 jackals (D:2)
  3 goblins (D:2)
  2 kobolds (D:2)
19 creatures vanquished.

Table legend:
 A = Non-vault XP
 B = Vault XP
 C = Vault XP percentage of total XP
 D = Non-vault monster count
 E = Vault monster count
 F = Vault count percentage of total count
                 A         B        C        D         E       F
            +---------+---------+-------+---------+---------+-------
      Total |      28 |      12 |  30.0 |      14 |       5 |  26.3
            +---------+---------+-------+---------+---------+-------
        D:1 |       2 |       0 |   0.0 |       1 |       0 |   0.0
        D:2 |      26 |      12 |  31.6 |      13 |       5 |  27.8
            +---------+---------+-------+---------+---------+-------

Action                     || total
---------------------------++-------
  Melee: Unarmed           ||    40
         Tentacles         ||    10
         Constrict         ||    10
         Punch             ||     1
 Armour: Skin              ||     5
  Dodge: Dodged            ||    28

Illustrated notes

Table legend:
 A = Kills in this place as a percentage of kills in the entire game.
 B = Kills by you in this place as a percentage of kills by you in the entire game.
 C = Kills by friends in this place as a percentage of kills by friends in the entire game.
 D = Other kills in this place as a percentage of other kills in the entire game.
 E = Experience gained in this place as a percentage of experience gained in the entire game.
 F = Experience gained in this place divided by the number of levels of this place that you have seen.
                   A       B       C       D       E      F
               +-------+-------+-------+-------+-------+----------------------
         Total | 100.0 | 100.0 |   N/A |   N/A | 100.0 |  20.0
       Dungeon | 100.0 | 100.0 |   N/A |   N/A | 100.0 |  20.0
               +-------+-------+-------+-------+-------+----------------------

Table legend: (Time is in decaauts)
 A = Elapsed time spent in this place.
 B = Non-inter-level travel time spent in this place.
 C = Inter-level travel time spent in this place.
 D = Time resting spent in this place.
 E = Time spent auto-exploring this place.
 F = Levels seen in this place.
 G = Mean time per level.
                   A        B        C        D        E       F      G
               +--------+--------+--------+--------+--------+-----+--------+
         Total |    278 |    278 |      0 |      2 |    177 |   2 |  139.0 |
       Dungeon |    278 |    278 |      0 |      2 |    177 |   2 |  139.0 |
               +--------+--------+--------+--------+--------+-----+--------+

Top non-repeatable levels by time:
     D:2: 249 daAuts
     D:1: 28 daAuts
